 Dungeon Crawl Stone Soup version bcrawl-1.19.1 (webtiles) character file.

Game seed: 17475311529507788873

797 mahrnol the Stinger (level 7, -1/53 HPs)
             Began as an Oni Conjurer on Nov 28, 2019.
             Was an Initiate of Qazlal.
             Slain by a hippogriff (4 damage)
             ... on level 6 of the Dungeon.
             The game lasted 00:33:24 (6024 turns).

mahrnol the Stinger (Oni Conjurer)                  Turns: 6024, Time: 00:33:25

Health: -1/53      AC:  3    Str: 12    XL:     7   Next: 89%
Magic:  11/16      EV: 13    Int: 18    God:    Qazlal [......]
Gold:   288        SH:  0    Dex: 17    Spells: 9/16 levels left

rFire    . . .     SeeInvis .   u - +2 hand axe (chop)
rCold    . . .     Gourm    .   (no shield)
rNeg     . . .     Faith    .   j - +0 robe
rPois    .         Spirit   .   (helmet restricted)
rElec    .         Reflect  .   s - scarf {repulsion}
rCorr    .         Harm     .   H - +0 pair of gloves
MR       .....                  (no boots)
Stlth    ++........             (no amulet)
HPRegen  0.17/turn              v - +6 ring of dexterity
MPRegen  0.15/turn              (no ring)

@: repel missiles
A: oni magic, claws 1, fangs 1, horns 1
a: Renounce Religion


You were on level 6 of the Dungeon.
You worshipped Qazlal.
Qazlal was noncommittal.
You were not hungry.

You visited 1 branch of the dungeon, and saw 6 of its levels.

You collected 288 gold pieces.

Inventory:

Hand Weapons
 m - a +0 hunting sling
 u - a +2 hand axe of chopping (weapon)
 A - a cursed -1 dagger
 F - a cursed -1 dagger
Missiles
 n - 1339 stones (quivered)
 w - 193 tomahawks
 x - 66 needles of frenzy
 y - 348 sling bullets
 E - 95 javelins
Armour
 a - a +0 animal skin
 g - a +0 chain mail
 j - a +0 robe (worn)
 s - a scarf of repulsion (worn)
 H - a +0 pair of gloves (worn)
Magical Staves
 z - an uncursed staff of fire
Jewellery
 e - an uncursed amulet of faith
 i - an uncursed amulet of regeneration
 v - a +6 ring of dexterity (left hand)
 J - an uncursed amulet of guardian spirit
Wands
 D - a wand of flame (23)
 G - a wand of polymorph (3)
Scrolls
 b - 5 scrolls of teleportation
 f - 2 scrolls of enchant armour {unknown}
 h - 3 scrolls of magic mapping {unknown}
 p - 3 scrolls of identify {unknown}
 t - 2 scrolls of amnesia {unknown}
 B - a scroll of fog {unknown}
 I - a scroll of immolation {unknown}
Potions
 c - 2 potions of magic
 k - a potion of agility {unknown}
 l - 2 potions of invisibility {unknown}
 o - 2 potions of curing {unknown}
 q - a potion of degeneration {unknown}
 r - 3 potions of mutation {unknown}
 C - a potion of brilliance {unknown}
Books
 L - Saqits's Compendium of Fiery Augmentations
   (You found it on level 5 of the Dungeon)
Comestibles
 d - 9 rations {!d}
 K - a chunk of flesh


   Skills:
 + Level 1.6 Fighting
 + Level 0.7 Staves
 + Level 3.0 Dodging
 - Level 2.0 Stealth
 - Level 0.8 Unarmed Combat
 * Level 5.2 Spellcasting
   Level 5.2 Conjurations
   Level 5.2 Hexes
   Level 5.2 Charms
   Level 5.2 Summonings
   Level 5.2 Necromancy
   Level 5.2 Translocations
   Level 5.2 Transmutations
   Level 5.2 Fire Magic
   Level 5.2 Ice Magic
   Level 5.2 Air Magic
   Level 5.2 Earth Magic
   Level 5.2 Poison Magic
 * Level 1.8 Evocations


You had 9 spell levels left.
You knew the following spells:

 Your Spells              Type           Power        Failure   Level  Hunger
a - Magic Dart            Conj           ####         1%          1    None
b - Summon Butterflies    Summ           ####....     1%          1    None
c - Searing Ray           Conj           ####..       1%          2    #......
d - Iskenderun's Mystic   Conj           ####....     3%          3    ##.....

Your spell library contained the following spells:

 Spells                   Type           Power        Failure   Level  Hunger
 Blink                    Tloc           N/A          1%          2    #......
 Spider Form              Tmut/Pois      ###          4%          3    ##.....
 Fulminant Prism          Conj/Hex       ###.......   16%         4    ####...
 Irradiate                Conj/Tmut      ###.......   38%         5    ######.


Dungeon Overview and Level Annotations

Branches:
Dungeon (6/12)
 Temple: D:4-7

Altars:
Fedhas
Lugonu
Qazlal
Sif Muna
Trog
Yredelemnul
Zin

Shops:
D:5 (

Annotations:
D:3 Sigmund


Innate Abilities, Weirdness & Mutations

You learn spells by gaining experience, not through books or religion.
You only train spellcasting to practice magic.
You have sharp fingernails.
You have very sharp teeth.
You have a pair of small horns on your head.


Message History

The hippogriff completely misses you. The hippogriff pecks you!
The hippogriff barely misses you.
You open the door. The hippogriff bites you!
* * * LOW HITPOINT WARNING * * *
The hippogriff pecks you but does no damage.
The hippogriff claws you.
* * * LOW HITPOINT WARNING * * *
Found a basalt altar of Yredelemnul.
Casting: Magic Dart (safe; 1% risk of failure)
Confirm with . or Enter, or press ? or * to list all spells.
Aiming: Iskenderun's Mystic Blast (safe; 3% risk of failure)
Press: ? - help, Shift-Dir - straight line The orb of energy hits the hippogriff.
The hippogriff is moderately wounded.
The hippogriff bites you.
* * * LOW HITPOINT WARNING * * *
The hippogriff pecks you.
* * * LOW HITPOINT WARNING * * *
The hippogriff claws you.
You die...

........
...##...#...####
#.. .......#
....###......#
#. .......#
...###......#
.......#
##..#..###..#
###....#
#..#h.'_+..# #
.....
#.....###....
....
#.W..........
... ##H..##.....
## . #@..##
...... .#
#.......##
##.... ...
#.......# ....
.... #..###...
... ##.. #.
##... . # ##...
..## ..#


You could see a hippogriff, a hungry ghost and a black bear.

Vanquished Creatures
  2 ogres (D:5)
  A centaur (D:5)
  A bullfrog (D:6)
  A howler monkey (D:4)
  2 crimson imps (D:4)
  2 orc priests
  4 orc wizards
  Natasha (twice) (D:3)
  2 worker ants
  2 adders
  6 worms
  6 dart slugs
  2 leopard geckos
  15 orcs
  5 bats
  2 giant cockroaches
  5 goblins
  5 hobgoblins
  3 quokkas
  6 kobolds
  6 rats
80 creatures vanquished.

Notes
Turn   | Place    | Note
-------+----------+-------------------------------------------
     0 | D:1      | mahrnol the Oni Conjurer began the quest for the Orb.
     0 | D:1      | Reached XP level 1. HP: 14/14 MP: 4/4
   551 | D:1      | Reached XP level 2. HP: 19/20 MP: 1/6
   632 | D:1      | Learned a level 1 spell: Summon Butterflies
  1293 | D:1      | Reached XP level 3. HP: 26/26 MP: 0/7
  1302 | D:1      | Learned a level 2 spell: Searing Ray
  1940 | D:2      | Found a faded altar of an unknown god.
  1946 | D:2      | Reached skill level 2 in Spellcasting
  2793 | D:3      | Reached XP level 4. HP: 33/33 MP: 4/9
  2991 | D:3      | Noticed Natasha
  3138 | D:3      | Reached XP level 5. HP: 39/39 MP: 3/11
  3146 | D:3      | Reached skill level 3 in Spellcasting
  3458 | D:3      | Noticed Sigmund
  3653 | D:3      | Killed Natasha
  3660 | D:3      | Noticed Natasha
  3677 | D:3      | Killed Natasha
  3677 | D:3      | Reached XP level 6. HP: 28/46 MP: 0/13
  3839 | D:4      | Found a stormy altar of Qazlal.
  3850 | D:4      | Became a worshipper of Qazlal Stormbringer
  3970 | D:4      | Reached skill level 1 in Fighting
  4278 | D:4      | Reached skill level 4 in Spellcasting
  4532 | D:4      | Learned a level 3 spell: Iskenderun's Mystic Blast
  4691 | D:4      | Reached skill level 1 in Evocations
  4774 | D:5      | Entered Level 5 of the Dungeon
  4948 | D:5      | Reached XP level 7. HP: 15/52 MP: 6/15
  5127 | D:5      | Found a shimmering blue altar of Sif Muna.
  5138 | D:5      | Found a shimmering blue altar of Sif Muna.
  5285 | D:5      | Found Estrirgh's Weapon Shop.
  5329 | D:5      | Identified Saqits's Compendium of Fiery Augmentations
  5694 | D:5      | Found a bloodstained altar of Trog.
  5695 | D:5      | Found a glowing silver altar of Zin.
  5697 | D:5      | Found a corrupted altar of Lugonu.
  5698 | D:5      | Found a blossoming altar of Fedhas.
  5755 | D:5      | Reached skill level 5 in Spellcasting
  5999 | D:6      | Noticed a hungry ghost
  6005 | D:6      | Noticed a hippogriff
  6018 | D:6      | Found a basalt altar of Yredelemnul.
  6024 | D:6      | Slain by a hippogriff

Skill      XL: |  1  2  3  4  5  6  7 |
---------------+----------------------+-----
Stealth        | 2 |  2.0
Dodging        | 2 3 |  3.0
Spellcasting   | 2 3 4 5 |  5.2
Fighting       | 1 |  1.6
Evocations     | 1 |  1.8
Staves         | |  0.7
Unarmed Combat | |  0.8
Conjurations   | |  5.2
Hexes          | |  5.2
Charms         | |  5.2
Summonings     | |  5.2
Necromancy     | |  5.2
Translocations | |  5.2
Transmutations | |  5.2
Fire Magic     | |  5.2
Ice Magic      | |  5.2
Air Magic      | |  5.2
Earth Magic    | |  5.2
Poison Magic   | |  5.2

Action                   |  1- 3 |  4- 6 |  7- 9 || total
-------------------------+-------+-------+-------++-------
Melee: Unarmed           |    27 |       |       ||    27
       Bite              |     5 |     2 |       ||     7
       Hand axe          |     5 |    35 |     1 ||    41
       Headbutt          |     1 |    13 |       ||    14
       Staff             |       |    49 |       ||    49
 Cast: Magic Dart        |   108 |   139 |    21 ||   268
       Searing Ray       |     4 |     6 |     4 ||    14
       Summon Butterflie |     1 |       |       ||     1
       Iskenderun's Myst |       |     2 |     1 ||     3
  Use: Scroll            |       |       |     1 ||     1
  Eat: Chunk             |     8 |     7 |     1 ||    16
       Ration            |       |       |     1 ||     1
Armor: Animal skin       |     2 |       |       ||     2
       Robe              |     3 |    10 |     2 ||    15
Dodge: Dodged            |    28 |    93 |     8 ||   129
       Deflected         |     2 |    15 |       ||    17
